 Dungeon Crawl Stone Soup version 0.24-a0-335-g06ca16a (webtiles) character file.

Game seed: 3992562441934281233

365 sking99 the Cleaver (level 6, 0/57 HPs)
             Began as a Hill Orc Monk on May 19, 2019.
             Succumbed to an orc wizard's poison
             ... on level 3 of the Dungeon.
             The game lasted 00:10:25 (4108 turns).

sking99 the Cleaver (Hill Orc Monk)                 Turns: 4108, Time: 00:10:25

Health: 0/57       AC:  5    Str: 16    XL:     6   Next: 68%
Magic:  6/6        EV: 13    Int: 10    God:
Gold:   146        SH:  0    Dex: 13    Spells: 5/5 levels left

rFire    . . .     SeeInvis .   b - +2 dagger (elec)
rCold    . . .     Gourm    .   (no shield)
rNeg     . . .     Faith    .   g - +0 robe
rPois    .         Spirit   .   i - +0 helmet
rElec    .         Reflect  .   q - +1 cloak
rCorr    .         Harm     .   (no gloves)
MR       .....                  (no boots)
Stlth    ++........             (no amulet)
HPRegen  0.19/turn              m - ring of flight
MPRegen  0.10/turn              (no ring)

@: lethally poisoned (0 -> -2)
A: no striking features
a: Evoke Flight


You were on level 3 of the Dungeon.
You were not hungry.

You visited 1 branch of the dungeon, and saw 3 of its levels.

You collected 146 gold pieces.

Inventory:

Hand Weapons
 a - a +0 hand axe
 b - a +2 dagger of electrocution (weapon)
 f - a +2 hunting sling of freezing
Armour
 g - a +0 robe (worn)
 i - a +0 helmet (worn)
 q - a +1 cloak (worn)
Jewellery
 e - a +2 ring of protection {unknown}
 h - an uncursed ring of magical power {unknown}
 m - a ring of flight (left hand)
 o - an uncursed ring of ice {unknown}
Scrolls
 d - a scroll of identify {unknown}
 j - a scroll of teleportation
 k - a scroll of blinking {unknown}
 n - a scroll of enchant weapon {unknown}
 p - a scroll of remove curse {unknown}
Comestibles
 c - 4 rations
 l - 8 chunks of flesh


   Skills:
 + Level 5.7 Fighting
 * Level 8.2 Axes
 - Level 2.4 Dodging
 - Level 1.5 Stealth


You had 5 spell levels left.
You didn't know any spells.
Your spell library was empty.

Dungeon Overview and Level Annotations

Branches:
Dungeon (3/15)

Altars:
Okawaru

Annotations:
D:3 1 transporter, Stiffzip's ghost, weakling MiBe


Message History

You see here a spear.
The helpless rat fails to defend itself.
You hit the rat.
You kill the rat!
* * * LOW HITPOINT WARNING * * *
You feel sick.
The centaur shouts!
You hear a shout!
The centaur picks up a dagger.
The centaur wields a dagger.
* * * LOW HITPOINT WARNING * * *
You feel sick.
Stiffzip's ghost turns its malevolent gaze towards you.
Found a ring mail.
* * * LOW HITPOINT WARNING * * *
You feel sick.
Found a scratched jade ring.
Found a transporter.
Found a tapered iron wand.
Found 11 gold pieces.
Put on which piece of jewellery? (? for menu, Esc to quit)
m - a ring of flight (left hand)
You die...

#### ######.#
#...##.....##
########♣.♣.........##
#.......♣.♣..........#
..)..<..♣.♣###.#####.
# ..)....#♣.♣ #)# ..#
#.###..#♣.♣
#.#####[... #.#
#.÷.♣.♣ #........©/
#.###)....#
###@.######
.......#### #.##8.r..
..###..# #.#c..K..
####...# #.#W##...
#...# #=#.# .. #...#
#.#.. . #...# #.#.##
###..... #.#$#
.......#


You could see a centaur, Stiffzip's ghost, a kobold (wandering) and a rat.

Vanquished Creatures
  A phantom (D:2)
  An orc wizard (D:3)
  2 orc priests (D:3)
  A jelly (D:2)
  5 gnolls
  2 adders
  An ooze (D:2)
  2 worms (D:2)
  2 dart slugs (D:1)
  2 leopard geckos
  6 orcs (D:3)
  3 ball pythons
  11 bats
  3 giant cockroaches
  8 hobgoblins
  8 jackals
  11 kobolds
  A frilled lizard (D:1)
  8 goblins
  3 rats
81 creatures vanquished.

Vanquished Creatures (others)
  A plant (D:3)
1 creature vanquished.

Grand Total: 82 creatures vanquished

Notes
Turn   | Place    | Note
-------+----------+-------------------------------------------
     0 | D:1      | sking99 the Hill Orc Monk began the quest for the Orb.
     0 | D:1      | Reached XP level 1. HP: 19/19 MP: 1/1
   347 | D:1      | Reached XP level 2. HP: 18/27 MP: 2/2
  1051 | D:1      | Reached skill level 5 in Axes
  1051 | D:1      | Reached XP level 3. HP: 27/33 MP: 3/3
  1887 | D:2      | Reached XP level 4. HP: 36/41 MP: 4/4
  1972 | D:2      | Reached skill level 6 in Axes
  2384 | D:2      | Noticed a phantom
  2385 | D:2      | Found an iron altar of Okawaru.
  2689 | D:2      | Killed a phantom
  2689 | D:2      | Reached skill level 5 in Fighting
  2689 | D:2      | Reached skill level 7 in Axes
  2689 | D:2      | Reached XP level 5. HP: 38/48 MP: 5/5
  3340 | D:3      | Reached XP level 6. HP: 47/56 MP: 6/6
  4085 | D:3      | Reached skill level 8 in Axes
  4102 | D:3      | HP: 2/57 [poisoned by an orc wizard]
  4103 | D:3      | Noticed Stiffzip's ghost (weakling MiBe)
  4105 | D:3      | Found a transporter.
  4108 | D:3      | Succumbed to an orc wizard's poison

Levels and vault maps discovered:
D:1:      doesnt_arrival_eight_statues, layout_basic, roderic_serpentine_path
D:2:      layout_basic, serial_corexii_hall, chequers_hall_statues_corner_a,
          corexii_hall_statues_u, kennysheep_okawaru_gauntlet
D:3:      layout_loops_ring, gammafunk_ghost_arena, serial_forest,
          infiniplex_forest_straight_4, infiniplex_forest_zigzag_2,
          infiniplex_forest_corner_1, infiniplex_forest_straight_2,
          infiniplex_forest_end_1, infiniplex_forest_straight_1,
          infiniplex_forest_clump_double

Skill      XL: |  1  2  3  4  5  6 |
---------------+-------------------+-----
Fighting       | 4 5 |  5.7
Axes           | 5 7 8 |  8.2
Dodging        | |  2.4
Stealth        | |  1.5

Action                   |  1- 3 |  4- 6 || total
-------------------------+-------+-------++-------
Melee: Hand axe          |    90 |       ||    90
       Dagger            |    15 |   174 ||   189
  Use: Scroll            |       |     1 ||     1
 Stab: Sleeping          |     4 |     3 ||     7
  Eat: Chunk             |     2 |     8 ||    10
Armor: Robe              |    34 |    30 ||    64
Dodge: Dodged            |    74 |   110 ||   184

Table legend:
 A = Non-vault XP
 B = Vault XP
 C = Vault XP percentage of total XP
 D = Non-vault monster count
 E = Vault monster count
 F = Vault count percentage of total count
                 A         B        C        D         E       F
            +---------+---------+-------+---------+---------+-------
      Total |     522 |       0 |   0.0 |      81 |       0 |   0.0
            +---------+---------+-------+---------+---------+-------
        D:1 |      63 |       0 |   0.0 |      27 |       0 |   0.0
        D:2 |     222 |       0 |   0.0 |      25 |       0 |   0.0
        D:3 |     237 |       0 |   0.0 |      29 |       0 |   0.0
            +---------+---------+-------+---------+---------+-------
